General information
- name: BNet
- type: Ladder team game (AT/RT)
- host: Battle.net
- saver: Gobiner
map: Deadlock
- players: 8
- length: 73:08
- speed: Fast
- version: 1.24 W3XP
- replay type: Public
» download(625 KB)
Players
team 1 (winner)
Gobiner (
purple | 42 APM | 3076 actions | 73:08)
9 Blademaster
3 Wind Walk
3 Critical Strike
1 Bladestorm
2 Mirror Image
» actions
| Assign group hotkey | 23 | |
| Basic commands | 13 | |
| Build / train | 115 | |
| ESC pressed | 6 | |
| Enter build submenu | 71 | |
| Enter hero's abilities submenu | 9 | |
| Give item / drop item | 7 | |
| Right click | 1297 | |
| Select / deselect | 433 | |
| Select group hotkey | 749 | |
| Use ability | 353 | |
3076 total
» units
» upgrades
| Spiked Barricades | 1 | |
| Liquid Fire | 1 | |
| Ranged Weapons | 3 | |
| Reinforced Defenses | 1 | |
| Armor | 3 | |
| Troll Regeneration | 1 | |
| Burning Oil | 1 | |
| Berserker Strength | 1 | |
12 total
» buildings
| Altar of Storms | 1 | |
| Orc Burrow | 9 | |
| War Mill | 1 | |
| Watch Tower | 71 | |
| Voodoo Lounge | 1 | |
| Stronghold | 5 | |
| Fortress | 1 | |
| Beastiary | 2 | |
| Great Hall | 1 | |
| Barracks | 1 | |
93 total
» build order
00:07 Altar of Storms
00:16 Orc Burrow
00:33 War Mill
01:45 Watch Tower
01:52 Orc Burrow
02:09 Voodoo Lounge
02:27 Watch Tower
02:54 Watch Tower
03:18 Watch Tower
03:55 Watch Tower
04:32 Watch Tower
04:46 Stronghold
04:46 Stronghold
04:46 Stronghold
04:59 Watch Tower
05:40 Watch Tower
06:14 Watch Tower
06:16 Watch Tower
07:15 Fortress
07:17 Beastiary
07:18 Beastiary
07:31 Orc Burrow
07:32 Orc Burrow
07:42 Watch Tower
07:50 Watch Tower
07:50 Watch Tower
08:01 Watch Tower
08:09 Watch Tower
08:41 Watch Tower
08:45 Watch Tower
08:48 Watch Tower
08:57 Watch Tower
09:10 Watch Tower
09:14 Watch Tower
09:18 Watch Tower
09:59 Orc Burrow
10:19 Watch Tower
10:31 Great Hall
10:35 Watch Tower
10:46 Watch Tower
11:26 Watch Tower
11:28 Watch Tower
11:30 Watch Tower
12:12 Watch Tower
12:15 Watch Tower
12:17 Watch Tower
12:53 Watch Tower
12:56 Watch Tower
12:58 Watch Tower
13:58 Watch Tower
14:01 Watch Tower
14:02 Watch Tower
14:08 Watch Tower
14:42 Watch Tower
14:47 Watch Tower
16:56 Watch Tower
16:59 Watch Tower
16:59 Watch Tower
17:01 Watch Tower
17:03 Watch Tower
18:05 Watch Tower
18:06 Watch Tower
18:08 Watch Tower
18:09 Watch Tower
18:11 Watch Tower
18:13 Watch Tower
22:26 Barracks
22:43 Watch Tower
22:43 Watch Tower
22:51 Watch Tower
22:52 Watch Tower
22:56 Watch Tower
22:57 Watch Tower
23:52 Watch Tower
23:52 Watch Tower
24:00 Watch Tower
24:00 Watch Tower
24:05 Watch Tower
24:06 Watch Tower
24:07 Watch Tower
27:09 Watch Tower
27:12 Watch Tower
27:16 Watch Tower
27:17 Watch Tower
27:24 Watch Tower
29:27 Orc Burrow
29:28 Orc Burrow
29:29 Orc Burrow
29:32 Orc Burrow
30:02 Watch Tower
30:03 Watch Tower
» items
| Lesser Clarity Potion | 9 | |
| Healing Salve | 5 | |
| Orb of Lightning | 1 | |
| Boots of Speed | 1 | |
| Staff of Teleportation | 1 | |
| Potion of Lesser Invulnerability | 3 | |
| Circlet of Nobility | 2 | |
22 total
ill.cruton (
red | 111 APM | 8145 actions | 73:06)
7 Archmage
3 Blizzard
3 Brilliance Aura
1 Mass Teleport
6 Mountain King
3 Storm Bolt
3 Bash
5 Paladin
3 Holy Light
2 Divine Shield
» actions
| Assign group hotkey | 84 | |
| Basic commands | 67 | |
| Build / train | 153 | |
| ESC pressed | 10 | |
| Enter build submenu | 84 | |
| Enter hero's abilities submenu | 20 | |
| Give item / drop item | 10 | |
| Right click | 3466 | |
| Select / deselect | 716 | |
| Select group hotkey | 3064 | |
| Use ability | 471 | |
8145 total
» units
| Peasant | 40 | |
| Priest | 3 | |
| Sorceress | 2 | |
| Gryphon Rider | 8 | |
| Dragonhawk Rider | 5 | |
58 total
» upgrades
| Masonry | 3 | |
| Magic Sentry | 1 | |
| Sorceress Training | 2 | |
| Lumber Harvesting | 2 | |
| Priest Training | 1 | |
| Armor | 2 | |
| Swords | 2 | |
| Animal War Training | 1 | |
| Storm Hammers | 1 | |
| Cloud | 1 | |
16 total
» buildings
| Altar of Kings | 1 | |
| Farm | 14 | |
| Lumber Mill | 1 | |
| Scout Tower | 63 | |
| Arcane Tower | 6 | |
| Guard Tower | 22 | |
| Keep | 1 | |
| Arcane Sanctum | 1 | |
| Arcane Vault | 1 | |
| Town Hall | 4 | |
| Castle | 1 | |
| Barracks | 1 | |
| Blacksmith | 1 | |
| Gryphon Aviary | 3 | |
120 total
» build order
00:15 Altar of Kings
00:21 Farm
00:56 Farm
01:06 Lumber Mill
01:14 Scout Tower
01:41 Farm
01:48 Arcane Tower
01:55 Scout Tower
02:14 Scout Tower
02:24 Arcane Tower
02:24 Arcane Tower
02:37 Scout Tower
02:40 Scout Tower
02:52 Guard Tower
02:54 Scout Tower
03:07 Guard Tower
03:25 Guard Tower
03:39 Scout Tower
03:39 Scout Tower
04:16 Guard Tower
06:05 Scout Tower
06:21 Scout Tower
06:49 Guard Tower
06:49 Guard Tower
06:51 Scout Tower
07:25 Guard Tower
07:27 Scout Tower
07:29 Scout Tower
07:31 Scout Tower
08:26 Keep
08:27 Guard Tower
08:29 Scout Tower
08:30 Scout Tower
08:31 Scout Tower
09:39 Guard Tower
10:52 Scout Tower
10:53 Scout Tower
10:55 Scout Tower
10:57 Scout Tower
11:00 Scout Tower
11:04 Arcane Sanctum
11:06 Arcane Vault
11:52 Guard Tower
11:56 Scout Tower
12:52 Guard Tower
13:17 Town Hall
13:22 Scout Tower
13:24 Scout Tower
13:46 Scout Tower
13:46 Scout Tower
14:06 Castle
15:15 Guard Tower
16:04 Scout Tower
16:05 Scout Tower
16:05 Scout Tower
16:12 Scout Tower
16:12 Scout Tower
16:13 Scout Tower
16:56 Farm
16:59 Farm
17:01 Arcane Tower
17:04 Guard Tower
17:05 Guard Tower
17:07 Scout Tower
17:07 Scout Tower
17:08 Scout Tower
17:39 Guard Tower
17:40 Scout Tower
17:41 Scout Tower
17:42 Scout Tower
17:47 Guard Tower
18:17 Guard Tower
18:30 Scout Tower
18:31 Scout Tower
18:32 Scout Tower
18:32 Scout Tower
18:38 Scout Tower
18:38 Scout Tower
18:39 Scout Tower
18:40 Scout Tower
18:43 Scout Tower
18:44 Scout Tower
18:45 Scout Tower
18:47 Scout Tower
18:47 Scout Tower
18:48 Scout Tower
21:51 Guard Tower
22:14 Barracks
22:16 Blacksmith
23:15 Gryphon Aviary
23:16 Gryphon Aviary
24:50 Scout Tower
24:51 Scout Tower
24:51 Scout Tower
24:52 Scout Tower
24:54 Scout Tower
24:54 Scout Tower
25:41 Guard Tower
25:42 Guard Tower
25:44 Scout Tower
27:29 Gryphon Aviary
28:37 Farm
28:38 Farm
28:41 Farm
28:41 Farm
28:58 Arcane Tower
29:20 Farm
29:20 Farm
29:21 Farm
29:28 Farm
29:28 Farm
43:19 Town Hall
53:26 Scout Tower
53:31 Scout Tower
53:32 Scout Tower
60:12 Town Hall
63:16 Town Hall
» items
| Boots of Speed | 3 | |
| Staff of Teleportation | 3 | |
| Healing Salve | 3 | |
| Lesser Clarity Potion | 1 | |
| Orb of Lightning | 3 | |
| Scroll of Speed | 1 | |
| Potion of Lesser Invulnerability | 2 | |
| Potion of Invisibility | 2 | |
| Staff of Sanctuary | 3 | |
| Circlet of Nobility | 1 | |
22 total
MrFrosty (
teal | 93 APM | 6827 actions | 73:06)
7 Archmage
3 Blizzard
3 Brilliance Aura
1 Mass Teleport
5 Mountain King
3 Storm Bolt
2 Bash
7 Paladin
3 Holy Light
3 Divine Shield
1 Devotion Aura
» actions
| Assign group hotkey | 40 | |
| Basic commands | 32 | |
| Build / train | 133 | |
| ESC pressed | 1 | |
| Enter build submenu | 57 | |
| Enter hero's abilities submenu | 19 | |
| Give item / drop item | 10 | |
| Remove unit from queue | 1 | |
| Right click | 3858 | |
| Select / deselect | 1390 | |
| Select group hotkey | 859 | |
| Use ability | 427 | |
6827 total
» units
| Peasant | 18 | |
| Sorceress | 5 | |
| Priest | 4 | |
| Gryphon Rider | 6 | |
| Dragonhawk Rider | 1 | |
34 total
» upgrades
| Masonry | 3 | |
| Lumber Harvesting | 2 | |
| Magic Sentry | 1 | |
| Sorceress Training | 2 | |
| Priest Training | 2 | |
| Animal War Training | 1 | |
| Armor | 3 | |
| Cloud | 1 | |
| Storm Hammers | 1 | |
| Swords | 3 | |
19 total
» buildings
| Altar of Kings | 1 | |
| Farm | 14 | |
| Scout Tower | 43 | |
| Lumber Mill | 1 | |
| Arcane Tower | 9 | |
| Guard Tower | 19 | |
| Keep | 1 | |
| Arcane Vault | 1 | |
| Arcane Sanctum | 1 | |
| Town Hall | 1 | |
| Castle | 1 | |
| Gryphon Aviary | 4 | |
| Barracks | 1 | |
| Blacksmith | 2 | |
99 total
» build order
00:08 Altar of Kings
00:19 Farm
00:23 Scout Tower
00:55 Lumber Mill
01:01 Arcane Tower
01:32 Farm
01:47 Scout Tower
02:19 Guard Tower
02:23 Scout Tower
02:43 Farm
03:01 Guard Tower
03:06 Farm
03:58 Keep
04:00 Scout Tower
04:50 Arcane Tower
04:53 Scout Tower
04:54 Scout Tower
05:21 Farm
05:24 Guard Tower
05:32 Arcane Vault
05:33 Scout Tower
06:25 Scout Tower
06:26 Scout Tower
06:36 Scout Tower
06:40 Arcane Tower
06:43 Arcane Sanctum
06:49 Scout Tower
06:59 Guard Tower
07:01 Scout Tower
07:04 Arcane Tower
07:09 Town Hall
07:20 Scout Tower
07:36 Guard Tower
07:51 Guard Tower
07:52 Scout Tower
08:10 Scout Tower
08:29 Scout Tower
08:31 Arcane Tower
08:34 Guard Tower
09:07 Guard Tower
10:26 Guard Tower
10:47 Scout Tower
10:48 Scout Tower
10:50 Scout Tower
10:56 Scout Tower
10:57 Scout Tower
10:58 Scout Tower
10:59 Scout Tower
11:15 Guard Tower
11:16 Guard Tower
11:26 Guard Tower
11:38 Arcane Tower
11:40 Guard Tower
11:44 Arcane Tower
12:08 Arcane Tower
12:09 Guard Tower
12:42 Castle
12:43 Guard Tower
14:13 Scout Tower
14:14 Scout Tower
15:23 Guard Tower
15:42 Scout Tower
15:43 Scout Tower
15:48 Scout Tower
15:49 Scout Tower
16:15 Arcane Tower
16:17 Guard Tower
16:45 Scout Tower
16:46 Scout Tower
16:46 Scout Tower
18:05 Guard Tower
22:10 Farm
22:15 Gryphon Aviary
22:18 Gryphon Aviary
22:20 Gryphon Aviary
22:25 Barracks
22:28 Blacksmith
22:34 Farm
22:35 Farm
22:36 Farm
22:37 Farm
23:49 Scout Tower
23:50 Scout Tower
23:51 Scout Tower
23:52 Scout Tower
23:55 Scout Tower
23:55 Scout Tower
23:56 Scout Tower
24:01 Scout Tower
24:01 Scout Tower
24:02 Scout Tower
24:04 Scout Tower
24:37 Guard Tower
26:21 Farm
26:23 Farm
26:24 Farm
28:14 Gryphon Aviary
28:22 Blacksmith
34:31 Farm
» items
| Boots of Speed | 3 | |
| Staff of Teleportation | 3 | |
| Ivory Tower | 6 | |
| Scroll of Town Portal | 4 | |
| Periapt of Vitality | 2 | |
| Staff of Sanctuary | 3 | |
| Orb of Lightning | 2 | |
| Potion of Healing | 2 | |
| Lesser Clarity Potion | 1 | |
26 total
SPOON (
yellow | 78 APM | 5695 actions | 73:06)
4 Blademaster
2 Wind Walk
2 Critical Strike
6 Shadow Hunter
3 Hex
3 Healing Wave
» actions
| Assign group hotkey | 18 | |
| Basic commands | 108 | |
| Build / train | 71 | |
| Enter build submenu | 50 | |
| Enter hero's abilities submenu | 10 | |
| Give item / drop item | 4 | |
| Right click | 3261 | |
| Select / deselect | 626 | |
| Select group hotkey | 1341 | |
| Use ability | 206 | |
5695 total
» units
| Peon | 20 | |
| Troll Batrider | 14 | |
| Troll Witch Doctor | 2 | |
36 total
» upgrades
| Ranged Weapons | 3 | |
| Liquid Fire | 1 | |
| Reinforced Defenses | 1 | |
| Armor | 1 | |
6 total
» buildings
| Altar of Storms | 1 | |
| Orc Burrow | 4 | |
| War Mill | 1 | |
| Voodoo Lounge | 1 | |
| Watch Tower | 34 | |
| Stronghold | 1 | |
| Beastiary | 2 | |
| Fortress | 1 | |
| Spirit Lodge | 1 | |
46 total
» build order
00:05 Altar of Storms
00:18 Orc Burrow
00:34 War Mill
01:15 Voodoo Lounge
01:49 Watch Tower
02:15 Watch Tower
02:42 Orc Burrow
02:47 Watch Tower
03:25 Watch Tower
03:51 Watch Tower
04:27 Watch Tower
04:33 Watch Tower
04:51 Watch Tower
04:55 Stronghold
05:21 Watch Tower
05:40 Watch Tower
05:41 Watch Tower
06:09 Watch Tower
06:18 Watch Tower
06:28 Watch Tower
06:46 Watch Tower
06:48 Watch Tower
07:38 Beastiary
08:37 Beastiary
08:50 Orc Burrow
08:54 Orc Burrow
08:59 Watch Tower
09:08 Fortress
10:07 Watch Tower
11:25 Watch Tower
12:29 Watch Tower
13:43 Watch Tower
14:48 Watch Tower
16:36 Watch Tower
16:39 Watch Tower
17:42 Watch Tower
17:45 Watch Tower
18:08 Watch Tower
18:10 Watch Tower
18:37 Spirit Lodge
18:46 Watch Tower
19:11 Watch Tower
19:15 Watch Tower
20:36 Watch Tower
21:08 Watch Tower
21:49 Watch Tower
» items
| Healing Salve | 1 | |
| Lesser Clarity Potion | 2 | |
| Scroll of Speed | 2 | |
| Potion of Healing | 2 | |
| Orb of Lightning | 2 | |
| Boots of Speed | 1 | |
| Circlet of Nobility | 1 | |
| Staff of Teleportation | 1 | |
12 total
team 2 (loser)

»
Kangoru (
orange | 117 APM | 8535 actions | 73:06)
8 Blademaster
3 Wind Walk
3 Critical Strike
1 Bladestorm
1 Mirror Image
5 Shadow Hunter
3 Healing Wave
2 Hex
1 Lich
1 Frost Nova
1 Dreadlord
1 Sleep
» actions
| Assign group hotkey | 108 | |
| Basic commands | 91 | |
| Build / train | 148 | |
| ESC pressed | 4 | |
| Enter build submenu | 66 | |
| Enter hero's abilities submenu | 17 | |
| Give item / drop item | 2 | |
| Right click | 4243 | |
| Select / deselect | 1186 | |
| Select group hotkey | 2301 | |
| Use ability | 369 | |
8535 total
» units
| Peon | 31 | |
| Raider | 3 | |
| Kodo Beast | 1 | |
| Gryphon Rider | 4 | |
| Troll Batrider | 17 | |
| Wind Rider | 13 | |
| Dragonhawk Rider | 2 | |
| Frost Wyrm | 7 | |
| Crypt Fiend | 4 | |
82 total
» upgrades
| Ensnare | 1 | |
| Melee Weapons | 2 | |
| Lumber Harvesting | 1 | |
| Masonry | 2 | |
| War Drums Damage Increase | 1 | |
| Reinforced Defenses | 1 | |
| Storm Hammers | 1 | |
| Swords | 3 | |
| Armor | 3 | |
| Envenomed Spears | 1 | |
| Ranged Weapons | 2 | |
| Pillage | 1 | |
| Cloud | 1 | |
20 total
» buildings
| Altar of Storms | 1 | |
| Orc Burrow | 16 | |
| Voodoo Lounge | 1 | |
| Stronghold | 1 | |
| War Mill | 1 | |
| Beastiary | 2 | |
| Fortress | 1 | |
| Gryphon Aviary | 4 | |
| Blacksmith | 1 | |
| Watch Tower | 22 | |
| Farm | 8 | |
58 total
» build order
00:08 Altar of Storms
00:19 Orc Burrow
01:07 Voodoo Lounge
02:10 Stronghold
02:36 Orc Burrow
02:39 Orc Burrow
03:16 Orc Burrow
03:52 Orc Burrow
03:53 Orc Burrow
07:03 Orc Burrow
07:12 Orc Burrow
10:35 War Mill
10:36 Beastiary
10:38 Orc Burrow
11:43 Orc Burrow
12:09 Fortress
13:02 Beastiary
14:25 Gryphon Aviary
14:26 Gryphon Aviary
14:28 Gryphon Aviary
14:34 Blacksmith
15:52 Watch Tower
15:56 Orc Burrow
16:23 Watch Tower
16:45 Watch Tower
17:17 Gryphon Aviary
17:21 Farm
17:23 Farm
17:24 Farm
17:26 Farm
18:09 Farm
18:12 Farm
18:13 Farm
18:16 Farm
19:11 Watch Tower
20:42 Watch Tower
20:42 Watch Tower
20:43 Watch Tower
20:47 Watch Tower
22:05 Watch Tower
22:06 Watch Tower
22:08 Watch Tower
22:14 Watch Tower
22:14 Watch Tower
22:38 Watch Tower
22:40 Watch Tower
23:42 Watch Tower
23:58 Watch Tower
25:29 Watch Tower
25:30 Watch Tower
26:41 Watch Tower
26:42 Watch Tower
28:53 Watch Tower
42:26 Orc Burrow
50:16 Orc Burrow
50:18 Orc Burrow
50:19 Orc Burrow
51:17 Orc Burrow
» items
| Healing Salve | 5 | |
| Lesser Clarity Potion | 7 | |
| Scroll of Speed | 3 | |
| Scroll of Town Portal | 2 | |
| Potion of Healing | 3 | |
| Orb of Lightning | 1 | |
| Tiny Great Hall | 1 | |
| Potion of Mana | 2 | |
24 total

»
Nov16 (
blue | 140 APM | 4501 actions | 32:10)
4 Death Knight
2 Death Coil
2 Unholy Aura
4 Lich
1 Frost Armor
2 Frost Nova
1 Dark Ritual
1 Shadow Hunter
1 Hex
4 Dreadlord
2 Sleep
2 Carrion Swarm
1 Mountain King
1 Bash
» actions
| Assign group hotkey | 281 | |
| Basic commands | 603 | |
| Build / train | 97 | |
| ESC pressed | 2 | |
| Enter build submenu | 33 | |
| Enter hero's abilities submenu | 14 | |
| Give item / drop item | 5 | |
| Right click | 1697 | |
| Select / deselect | 634 | |
| Select group hotkey | 969 | |
| Use ability | 166 | |
4501 total
» units
| Acolyte | 16 | |
| Ghoul | 3 | |
| Crypt Fiend | 11 | |
| Frost Wyrm | 5 | |
35 total
» upgrades
| Burrow | 1 | |
| Creature Carapace | 3 | |
| Web | 1 | |
| Creature Attack | 3 | |
| Freezing Breath | 1 | |
9 total
» buildings
| Graveyard | 1 | |
| Crypt | 2 | |
| Altar of Darkness | 1 | |
| Ziggurat | 12 | |
| Tomb of Relics | 4 | |
| Nerubian Tower | 3 | |
| Halls of the Dead | 6 | |
| Sacrificial Pit | 1 | |
| Black Citadel | 1 | |
| Spirit Tower | 6 | |
| Boneyard | 2 | |
| Necropolis | 5 | |
44 total
» build order
00:08 Graveyard
00:12 Crypt
00:50 Altar of Darkness
01:01 Ziggurat
01:35 Tomb of Relics
02:19 Ziggurat
03:10 Nerubian Tower
03:55 Halls of the Dead
03:55 Halls of the Dead
03:55 Halls of the Dead
03:56 Halls of the Dead
04:18 Ziggurat
06:45 Sacrificial Pit
07:06 Black Citadel
09:10 Ziggurat
09:11 Spirit Tower
09:30 Boneyard
11:36 Necropolis
14:02 Ziggurat
14:03 Ziggurat
14:11 Tomb of Relics
14:12 Ziggurat
15:15 Nerubian Tower
15:16 Spirit Tower
15:18 Spirit Tower
17:36 Ziggurat
18:13 Boneyard
20:21 Crypt
23:06 Necropolis
23:51 Necropolis
23:52 Necropolis
24:00 Necropolis
25:33 Ziggurat
25:33 Ziggurat
25:35 Ziggurat
25:35 Tomb of Relics
25:53 Ziggurat
26:34 Nerubian Tower
26:34 Spirit Tower
26:47 Spirit Tower
26:50 Tomb of Relics
30:30 Spirit Tower
» items
| Rod of Necromancy | 1 | |
| Dust of Appearance | 5 | |
| Lesser Clarity Potion | 2 | |
| Scroll of Speed | 1 | |
| Potion of Healing | 2 | |
| Orb of Corruption | 1 | |
| Potion of Mana | 3 | |
| Potion of Lesser Invulnerability | 3 | |
| Scroll of Town Portal | 2 | |
20 total

»
Tilou-Saruman (
green | 223 APM | 2073 actions | 09:17)
2 Archmage
1 Summon Water Elemental
1 Brilliance Aura
1 Mountain King
1 Storm Bolt
» actions
| Assign group hotkey | 29 | |
| Basic commands | 126 | |
| Build / train | 51 | |
| Enter build submenu | 18 | |
| Enter hero's abilities submenu | 3 | |
| Give item / drop item | 3 | |
| Remove unit from queue | 2 | |
| Right click | 578 | |
| Select / deselect | 415 | |
| Select group hotkey | 817 | |
| Use ability | 31 | |
2073 total
» units
| Peasant | 9 | |
| Footman | 10 | |
| Sorceress | 3 | |
| Priest | 1 | |
23 total
» upgrades
| Lumber Harvesting | 1 | |
| Priest Training | 1 | |
| Sorceress Training | 1 | |
3 total
» buildings
| Altar of Kings | 1 | |
| Farm | 8 | |
| Barracks | 1 | |
| Scout Tower | 1 | |
| Arcane Tower | 2 | |
| Keep | 7 | |
| Lumber Mill | 1 | |
| Arcane Sanctum | 2 | |
| Arcane Vault | 1 | |
| Castle | 2 | |
26 total
» build order
00:03 Altar of Kings
00:15 Farm
00:19 Barracks
00:55 Farm
01:35 Farm
01:41 Scout Tower
02:13 Arcane Tower
02:13 Arcane Tower
03:03 Keep
03:04 Keep
03:04 Keep
03:04 Keep
03:50 Lumber Mill
03:52 Farm
03:58 Farm
04:51 Farm
05:52 Arcane Sanctum
05:52 Arcane Sanctum
06:06 Arcane Vault
06:59 Farm
08:40 Farm
08:41 Castle
08:41 Castle
» items
| Dust of Appearance | 1 | |
| Scroll of Regeneration | 2 | |
| Ivory Tower | 1 | |
4 total

»
WoK.PedoBear (
pink | 92 APM | 6704 actions | 72:55)
6 Blademaster
3 Wind Walk
3 Critical Strike
5 Shadow Hunter
2 Hex
3 Healing Wave
2 Archmage
1 Summon Water Elemental
1 Brilliance Aura
1 Death Knight
1 Unholy Aura
2 Lich
1 Frost Armor
1 Death and Decay
» actions
| Assign group hotkey | 139 | |
| Basic commands | 256 | |
| Build / train | 167 | |
| ESC pressed | 3 | |
| Enter build submenu | 51 | |
| Enter hero's abilities submenu | 17 | |
| Give item / drop item | 3 | |
| Remove unit from queue | 7 | |
| Right click | 2143 | |
| Select / deselect | 1160 | |
| Select group hotkey | 2378 | |
| Use ability | 380 | |
6704 total
» units
| Peon | 36 | |
| Troll Batrider | 5 | |
| Troll Witch Doctor | 11 | |
| Troll Headhunter/Berserker | 8 | |
| Frost Wyrm | 5 | |
| Crypt Fiend | 3 | |
| Dragonhawk Rider | 2 | |
| Shaman | 8 | |
| Raider | 2 | |
| Acolyte | 1 | |
81 total
» upgrades
| Reinforced Defenses | 2 | |
| Armor | 3 | |
| Ranged Weapons | 3 | |
| Shaman Training | 2 | |
| Witch Doctor Training | 2 | |
| Liquid Fire | 1 | |
| Melee Weapons | 1 | |
| Spiked Barricades | 1 | |
| Burning Oil | 1 | |
| Berserker Upgrade | 1 | |
| Troll Regeneration | 1 | |
| Pillage | 1 | |
| Ensnare | 1 | |
20 total
» buildings
| Altar of Storms | 1 | |
| Orc Burrow | 8 | |
| Voodoo Lounge | 1 | |
| War Mill | 1 | |
| Stronghold | 1 | |
| Watch Tower | 20 | |
| Fortress | 1 | |
| Beastiary | 2 | |
| Spirit Lodge | 1 | |
| Great Hall | 6 | |
| Barracks | 5 | |
| Farm | 1 | |
48 total
» build order
00:04 Altar of Storms
00:23 Orc Burrow
00:38 Voodoo Lounge
01:36 War Mill
02:37 Stronghold
02:50 Orc Burrow
03:15 Watch Tower
03:51 Watch Tower
04:32 Watch Tower
05:23 Fortress
05:26 Beastiary
06:55 Watch Tower
06:55 Watch Tower
06:56 Watch Tower
07:57 Spirit Lodge
08:26 Watch Tower
10:43 Orc Burrow
12:13 Beastiary
12:36 Watch Tower
16:20 Orc Burrow
16:21 Orc Burrow
16:21 Watch Tower
18:40 Great Hall
18:41 Watch Tower
18:41 Watch Tower
18:42 Watch Tower
18:43 Watch Tower
19:07 Watch Tower
19:13 Watch Tower
20:25 Great Hall
20:28 Watch Tower
20:29 Watch Tower
20:30 Watch Tower
20:31 Watch Tower
25:13 Barracks
25:14 Barracks
25:15 Barracks
25:16 Barracks
25:17 Barracks
26:44 Orc Burrow
26:47 Orc Burrow
41:15 Farm
44:31 Great Hall
44:36 Great Hall
59:34 Great Hall
59:39 Great Hall
60:39 Watch Tower
» items
| Lesser Clarity Potion | 14 | |
| Healing Salve | 5 | |
| Boots of Speed | 2 | |
| Staff of Teleportation | 1 | |
| Tiny Great Hall | 1 | |
| Orb of Lightning | 3 | |
| Scroll of Town Portal | 2 | |
| Scroll of Speed | 1 | |
| Potion of Healing | 1 | |
| Circlet of Nobility | 1 | |
31 total
Chat log
(00:02 / All) WoK.PedoBear: THIS IS................................................................................. SPARTA!!!!!!!!!!!!!!!!!!!!!!!!!!!!!!!!
(00:06 / Allies) ill.cruton: no its bad
(00:09 / Allies) ill.cruton: bases
(00:18 / Allies) ill.cruton: prepate
(00:26 / Allies) ill.cruton: prepare to lose spooon
(00:35 / Allies) ill.cruton: thsi map is hard with me + mata + timg
(00:42 / Allies) ill.cruton: we have gobiner and spooon
(00:44 / All) WoK.PedoBear: THIS IS................................................................................. SPARTA!!!!!!!!!!!!!!!!!!!!!!!!!!!!!!!!
(00:48 / All) Gobiner: "A hill is always better than a SAF, you fucking Nooblords" - Sun Tzu, The Art of War
(01:02 / All) WoK.PedoBear: SAF?
(01:20 / All) WoK.PedoBear: society after faggots?
(01:28 / Allies) ill.cruton: nub orcs on outside too
(02:47 / Allies) ill.cruton: burrows
(02:48 / Allies) ill.cruton: now
(02:49 / Allies) ill.cruton: now
(02:49 / Allies) ill.cruton: now
(02:51 / Allies) ill.cruton: burrows
(02:59 / Allies) ill.cruton: get the built one too
(04:57 / Allies) ill.cruton: my base
(04:58 / Allies) ill.cruton: got wreked
(05:35 / Allies) ill.cruton: u need expo frosty imo
(05:36 / Allies) ill.cruton: i cant
(05:37 / Allies) ill.cruton: sooo
(05:40 / Allies) ill.cruton: u have to
(06:34 / Allies) ill.cruton: oj again?
(06:36 / Allies) ill.cruton: gob
(06:43 / Allies) ill.cruton: or that
(07:44 / Allies) ill.cruton: hes
(07:45 / Allies) ill.cruton: right there
(07:50 / Allies) ill.cruton: use minmap nub
(08:14 / Allies) ill.cruton: frost tower
(08:19 / Allies) ill.cruton: sorc
(08:22 / Allies) ill.cruton: wow thcx
(08:44 / Allies) ill.cruton: omw
(09:02 / Allies) ill.cruton: get burrows
(09:17 / All) Gobiner: and the best part is the lighthearted high five I give her afterwards as she gives a relieved laughing erotic sigh
(09:22 / Allies) ill.cruton: spooon get ur bat but most likely its just gonna be wyrm defense
(10:02 / All) Gobiner: t.t
(10:07 / Allies) ill.cruton: ye
(10:46 / Allies) ill.cruton: i dun got gold
(10:48 / Allies) ill.cruton: wish i did
(11:23 / Allies) ill.cruton: docs
(12:09 / Allies) ill.cruton: 2 shs were chasing me there for a while
(12:15 / Allies) ill.cruton: right into the ud
(12:16 / Allies) ill.cruton: woot.
(12:38 / Allies) ill.cruton: in 4s
(12:39 / Allies) ill.cruton: is normal
(15:37 / Allies) ill.cruton: 2
(15:38 / Allies) ill.cruton: armor
(15:39 / Allies) ill.cruton: wyrm
(15:42 / Allies) ill.cruton: scan green
(15:44 / Allies) ill.cruton: see if hes making hawk
(16:39 / Allies) ill.cruton: just toweurp expos alot so we dont lose em
(18:12 / Allies) ill.cruton: can u bat that
(18:15 / Allies) ill.cruton: or at least force a tp
(18:24 / Allies) ill.cruton: only 2 tower
(18:36 / Allies) ill.cruton: ber rdy to bat his bats
(18:57 / Allies) ill.cruton: omw
(19:42 / Allies) ill.cruton: not
(19:43 / Allies) ill.cruton: good
(19:56 / Allies) ill.cruton: was bad to fight there
(20:01 / Allies) ill.cruton: i shouldnt have gone i dont have my items
(20:23 / Allies) ill.cruton: hes the one that dropped
(20:38 / Allies) ill.cruton: kill those
(20:41 / Allies) ill.cruton: just
(20:43 / Allies) ill.cruton: bat the air there
(21:06 / Allies) ill.cruton: keep up bat production
(21:07 / Allies) ill.cruton: ull need
(21:55 / Allies) ill.cruton: tbqh i didnt see bats
(22:00 / Allies) ill.cruton: i think we might have to make gryph frosty
(22:21 / Allies) ill.cruton: yeah i dont really know
(22:24 / Allies) ill.cruton: gobienr can u tower this a lil
(23:04 / Allies) ill.cruton: maybe go for it then
(23:05 / Allies) ill.cruton: i dun got money
(23:19 / Allies) ill.cruton: its stuff to bat
(23:36 / Allies) ill.cruton: they have
(23:37 / Allies) ill.cruton: wards
(23:38 / Allies) ill.cruton: everywhere
(23:45 / Allies) ill.cruton: i said they got docs like years ago
(23:51 / Allies) ill.cruton: a ward there could have spotted u
(24:08 / Allies) ill.cruton: they arent in upkeep
(24:15 / Allies) ill.cruton: we wont win this unless we get an army to fight them
(24:28 / Allies) ill.cruton: what else do they have to do
(24:34 / Allies) ill.cruton: this is at errible map for us and if i was playing serious
(24:40 / Allies) ill.cruton: i would go check expos constantly
(24:45 / Allies) ill.cruton: theres only like 2 open mines..
(25:57 / Allies) ill.cruton: not
(25:58 / Allies) ill.cruton: good
(26:00 / Allies) ill.cruton: ud is right there
(26:49 / Allies) ill.cruton: what are those
(27:13 / Allies) ill.cruton: once i see them moving in
(27:16 / Allies) ill.cruton: we can sac a base
(27:18 / Allies) ill.cruton: whilwe we build
(27:33 / All) Kangoru: rofl
(27:36 / All) Gobiner: If you aren't :lol:-ing at these, just get out. Stop towering, uninstall war3 and hit Alt+F4 in the game of life. K? Bye.
(27:36 / All) WoK.PedoBear: THIS IS................................................................................. SPARTA!!!!!!!!!!!!!!!!!!!!!!!!!!!!!!!!
(27:45 / All) WoK.PedoBear: THIS IS................................................................................. SPARTA!!!!!!!!!!!!!!!!!!!!!!!!!!!!!!!!
(28:30 / Allies) ill.cruton: they building
(28:50 / Allies) ill.cruton: one of our problems is
(28:53 / Allies) ill.cruton: we are playing this shitty map
(29:09 / Allies) ill.cruton: just
(29:09 / Allies) ill.cruton: dont lose shit
(29:11 / Allies) ill.cruton: defending that
(29:15 / Allies) ill.cruton: kk
(29:19 / Allies) ill.cruton: gob go upkeep too
(29:22 / Allies) ill.cruton: bats
(29:25 / Allies) ill.cruton: pure bat
(29:33 / Allies) ill.cruton: u not gobiner
(30:08 / Allies) ill.cruton: why arent u mining
(30:27 / Allies) ill.cruton: get ur bats up here..
(30:29 / All) WoK.PedoBear: THIS IS................................................................................. SPARTA!!!!!!!!!!!!!!!!!!!!!!!!!!!!!!!!
(30:41 / Allies) ill.cruton: and ur not building more..even though i just said we need..
(32:10 / Allies) ill.cruton: lolll
(32:12 / Allies) ill.cruton: i dont know that we would win
(32:16 / Allies) ill.cruton: lure em in now
(32:21 / Allies) ill.cruton: ready bats
(32:55 / Allies) ill.cruton: GOOGO\
(34:00 / Allies) ill.cruton: haha we lost that fight.
(34:29 / Allies) ill.cruton: fuck my lag
(34:33 / All) WoK.PedoBear: THIS IS................................................................................. SPARTA!!!!!!!!!!!!!!!!!!!!!!!!!!!!!!!!
(35:27 / Allies) ill.cruton: more bat
(35:44 / Allies) ill.cruton: dont lose
(35:45 / Allies) ill.cruton: sh
(36:24 / Allies) ill.cruton: can we bat that
(36:35 / Allies) ill.cruton: ill take em
(37:42 / Allies) ill.cruton: wtf
(37:43 / Allies) ill.cruton: get the mine
(38:30 / Allies) ill.cruton: u want to group my grphy
(38:34 / Allies) ill.cruton: i dont really want just 1....
(38:40 / Allies) ill.cruton: oh
(38:43 / Allies) ill.cruton: u lost urs
(38:45 / Allies) ill.cruton: n v m
(38:58 / Allies) ill.cruton: orw/e
(39:09 / Allies) ill.cruton: should i towethis
(39:13 / Allies) ill.cruton: with my 2k gold
(39:31 / Allies) ill.cruton: fighting
(39:54 / Allies) ill.cruton: sh
(40:11 / Allies) ill.cruton: towering this up then
(40:19 / Allies) ill.cruton: oh god
(41:06 / Allies) ill.cruton: gotta find shit to kill wit our heroes
(42:23 / All) WoK.PedoBear: THIS IS................................................................................. SPARTA!!!!!!!!!!!!!!!!!!!!!!!!!!!!!!!!
(42:57 / Allies) ill.cruton: teh
(43:06 / Allies) ill.cruton: we gpotta get anti hawk tho
(43:14 / Allies) ill.cruton: ok
(43:28 / Allies) ill.cruton: rite
(43:42 / Allies) ill.cruton: get a inluv pot too then
(43:45 / Allies) ill.cruton: nto worth it
(44:26 / All) Gobiner: 4 hawks down
(44:33 / All) WoK.PedoBear: THIS IS................................................................................. SPARTA!!!!!!!!!!!!!!!!!!!!!!!!!!!!!!!!
(45:48 / All) WoK.PedoBear: THIS IS................................................................................. SPARTA!!!!!!!!!!!!!!!!!!!!!!!!!!!!!!!!
(47:41 / Allies) ill.cruton: out
(47:49 / Allies) ill.cruton: spon run
(47:50 / Allies) ill.cruton: to my
(48:27 / Allies) ill.cruton: heal m
(48:33 / Allies) ill.cruton: im b
(48:38 / All) WoK.PedoBear: THIS IS................................................................................. SPARTA!!!!!!!!!!!!!!!!!!!!!!!!!!!!!!!!
(49:09 / Allies) ill.cruton: fucking
(50:06 / Allies) ill.cruton: can u get mk back
(50:09 / Allies) ill.cruton: probh not
(50:49 / Allies) ill.cruton: wyvn
(50:53 / Allies) ill.cruton: hurt
(50:55 / Allies) ill.cruton: orc
(51:00 / Allies) ill.cruton: get out imo
(51:01 / Allies) ill.cruton: sh about to u
(51:26 / Allies) ill.cruton: haha
(51:55 / Allies) ill.cruton: do they have much army left
(51:59 / Allies) ill.cruton: i could tower this up a lil to my mine
(52:35 / Allies) ill.cruton: fiend?
(52:38 / Allies) ill.cruton: and wyrn yeah
(52:41 / Allies) ill.cruton: wyrm
(52:54 / Allies) ill.cruton: beast pumpni too
(53:02 / Allies) ill.cruton: scout green
(53:15 / Allies) ill.cruton: u wanna
(53:16 / Allies) ill.cruton: use my casters
(53:20 / Allies) ill.cruton: i suck at 5 control gropus
(53:35 / Allies) ill.cruton: oh
(54:33 / Allies) ill.cruton: bat them
(54:42 / Allies) ill.cruton: nvm
(54:45 / Allies) ill.cruton: wyvm
(55:31 / Allies) ill.cruton: u got gold boiner
(55:51 / Allies) ill.cruton: give me gold
(55:52 / Allies) ill.cruton: extra
(57:10 / Allies) ill.cruton: omfg
(57:18 / Allies) ill.cruton: bat
(57:20 / Allies) ill.cruton: all the air
(57:22 / Allies) ill.cruton: while u can
(57:52 / Allies) ill.cruton: wtff
(58:37 / Allies) ill.cruton: what dorpped my heroes lmao
(59:00 / Allies) ill.cruton: go staff
(59:05 / Allies) ill.cruton: go staff
(60:51 / Allies) ill.cruton: why
(62:04 / Allies) ill.cruton: b
(62:23 / Allies) ill.cruton: i really dont know why
(62:25 / Allies) ill.cruton: he ran that way
(63:19 / Allies) ill.cruton: mah last gold
(63:55 / Allies) ill.cruton: once mk out
(63:57 / Allies) ill.cruton: lets kill fiends
(64:02 / Allies) ill.cruton: v soon
(64:29 / Allies) ill.cruton: what the fuk
(64:37 / Allies) ill.cruton: dun die
(65:01 / Allies) ill.cruton: er
(65:03 / Allies) ill.cruton: is gobienr blade..
(65:04 / Allies) ill.cruton: ?
(65:10 / Allies) ill.cruton: oh
(65:11 / Allies) ill.cruton: i see
(65:21 / Allies) ill.cruton: come fight when mk is out
(65:23 / Allies) ill.cruton: we can kill them
(65:29 / Allies) ill.cruton: with 6 pally
(65:32 / Allies) ill.cruton: and 4/4 mk paly
(65:57 / Allies) ill.cruton: rofl
(66:02 / Allies) SPOON: sorry I was holding out
(66:14 / Allies) SPOON: fresh wared
(66:54 / Allies) ill.cruton: what first
(66:54 / Allies) ill.cruton: sh?
(66:58 / Allies) ill.cruton: im sh then out
(67:02 / Allies) ill.cruton: tp back now gob
(67:05 / Allies) ill.cruton: while pink blade awya
(67:14 / Allies) ill.cruton: rly
(67:20 / Allies) ill.cruton: sh
(68:29 / Allies) ill.cruton: find his
(68:40 / Allies) ill.cruton: altar
(68:52 / Allies) ill.cruton: pink
(69:07 / Allies) ill.cruton: ye
(69:19 / Allies) ill.cruton: om
(70:36 / Allies) ill.cruton: why did they go for
(70:36 / Allies) ill.cruton: am
(70:40 / Allies) ill.cruton: instead of ur pally
(71:11 / Allies) ill.cruton: lets go?
(71:23 / Allies) ill.cruton: that was pinks sh
(71:36 / Allies) ill.cruton: come get altar with su frosty?
(71:54 / All) WoK.PedoBear: nice
(72:05 / All) ill.cruton: that movie sucked btw
(72:35 / All) Gobiner: 2ez
(72:38 / All) WoK.PedoBear: ur lucky
(72:39 / All) MrFrosty: 2 E Z
(72:40 / All) WoK.PedoBear: ha
(72:46 / All) Kangoru: 2ez?
(72:46 / All) ill.cruton: this is...east coast least coast
(72:47 / All) Gobiner: yea lucky you guys are terrible
(72:47 / All) Kangoru: LOL
(72:49 / All) WoK.PedoBear: 2 vs 4 during all the game
(72:50 / All) ill.cruton: u managed to lose on this map
(72:53 / All) Kangoru: ur a hacker, and u almost lost
(72:55 / All) ill.cruton: Not sure that was possible
(72:56 / All) Kangoru: a 2x4
(73:02 / All) Kangoru: omg
(73:03 / All) Kangoru: quit ur life